 Dungeon Crawl Stone Soup version 0.22-a0-247-gbddf880 (webtiles) character file.

119 KristoblXynda the Slasher (level 4, -4/36 HPs)
             Began as a Draconian Gladiator on Feb 24, 2018.
             Killed from afar by an orc wizard (7 damage)
             ... with a magic dart
             ... on level 3 of the Dungeon.
             The game lasted 00:03:14 (2369 turns).

KristoblXynda the Slasher (Draconian Gladiator)     Turns: 2369, Time: 00:03:15

Health: -4/36      AC:  5    Str: 16    XL:     4   Next: 74%
Magic:  4/4        EV: 13    Int: 10    God:
Gold:   166        SH:  0    Dex: 12    Spells: 3/3 levels left

rFire    . . .     SeeInvis .   a - +0 long sword
rCold    . . .     Gourm    .   (no shield)
rNeg     . . .     Faith    .   (armour unavailable)
rPois    .         Spirit   .   b - +0 hat
rElec    .         Reflect  .   l - scarf {repulsion}
rCorr    .         Harm     .   (no gloves)
MR       .....                  (no boots)
Stlth    +.........             (no amulet)
HPRegen  0.12/turn              (no ring)
MPRegen  0.09/turn              (no ring)

@: repel missiles
A: unfitting armour, cold-blooded, AC +5
a: no special abilities


You were on level 3 of the Dungeon.
You were not hungry.

You visited 1 branch of the dungeon, and saw 3 of its levels.

You collected 166 gold pieces.

Inventory:

Hand Weapons
 a - a +0 long sword (weapon)
Missiles
 c - 3 throwing nets (quivered)
Armour
 b - a +0 hat (worn)
 l - a scarf of repulsion (worn)
Scrolls
 f - 2 scrolls of enchant armour {unknown}
 i - 2 scrolls of immolation {unknown}
 n - a scroll of identify
 o - a scroll of remove curse {unknown}
 q - a scroll of random uselessness {unknown}
Potions
 e - a potion of berserk rage
 g - a potion of brilliance {unknown}
 h - a potion of heal wounds
 j - a potion of lignification
 k - a potion of haste
 m - a potion of cancellation {unknown}
 p - 3 potions of curing {unknown}
 r - a potion of flight {unknown}
Comestibles
 d - 4 rations


   Skills:
 - Level 2.1 Fighting
 * Level 4.8 Long Blades
 - Level 2.0 Throwing
 + Level 3.5 Dodging


You had 3 spell levels left.
You didn't know any spells.

Dungeon Overview and Level Annotations

Branches:
Dungeon (3/15)

Altars:
Cheibriados
Elyvilon


Innate Abilities, Weirdness & Mutations

Your plain brown scales are hard. (AC +5)
You cannot fit into any form of body armour.
You are cold-blooded and may be slowed by cold attacks.


Message History

Something hits you but does no damage.
You closely miss something. Something hits you but does no damage.
Something hits you.
You barely miss something. Something hits you. x2
You miss something.
Your tail-slap misses something.
Something hits you but does no damage.
You barely miss something. You tail-slap something.
Something hits you but does no damage. x2
You miss something. Something hits you.
You hit something.
Your tail-slap misses something.
Something hits you.
You miss something. You tail-slap something.
You hear some strange, mumbled words.
A magic dart appears from out of thin air!
The magic dart hits you!
* * * LOW HITPOINT WARNING * * *
You hit something.
You hear some strange, mumbled words.
A magic dart appears from out of thin air!
The magic dart hits you!
You die...

.oo#....#.#....#......
#....#.##...#......
#...........##.....
##..#........##.....
#.................##
.....##..#####.....#.
........))# #.....#.
#########.###.#.....#.
#....@{..)....# ....#.
#.########.##.# #.#.#.
..# #.#.#. #.# #.....
...###...†.
...........
#..###..... .........
.###..#.#


There were no monsters in sight!

Vanquished Creatures
  2 adders (D:2)
  A gnoll (D:2)
  An ooze (D:2)
  4 worms (D:2)
  2 dart slugs
  A leopard gecko (D:2)
  8 orcs
  2 ball pythons (D:1)
  2 giant cockroaches (D:2)
  A goblin (D:2)
  7 hobgoblins
  2 jackals (D:2)
  7 kobolds
  A quokka (D:3)
  9 bats
  5 frilled lizards
  7 rats
62 creatures vanquished.

Notes
Turn   | Place    | Note
-------+----------+-------------------------------------------
     0 | D:1      | KristoblXynda the Draconian Gladiator began the quest for the Orb.
     0 | D:1      | Reached XP level 1. HP: 17/17 MP: 1/1
   274 | D:1      | Reached XP level 2. HP: 21/24 MP: 2/2
  1018 | D:2      | Found a white marble altar of Elyvilon.
  1038 | D:2      | Reached XP level 3. HP: 9/29 MP: 3/3
  1188 | D:2      | Reached skill level 4 in Long Blades
  1253 | D:2      | Found a faded altar of an unknown god.
  1463 | D:2      | Reached XP level 4. HP: 8/36 MP: 4/4
  1772 | D:2      | Found a snail-covered altar of Cheibriados.
  2369 | D:3      | Killed from afar by an orc wizard

Vault maps used:
D:1:      dpeg_arrival_connections, minmay_octomino_c4
D:2:      kennysheep_slug_shrine, old_standard_altar,
          chequers_ecumenical_altar_simple_redux, cheibrodos_gnoll_hut
D:3:      cheibrodos_pilgrimage, lemuel_doored_altar, first_ration,
          okawaru_metal_pillars_3

Skill      XL: |  1  2  3 |
---------------+----------+-----
Throwing       | 2 |  2.0
Dodging        | 3 |  3.5
Long Blades    | 4 |  4.8
Fighting       | |  2.1

Action                   |  1- 3 |  4- 6 || total
-------------------------+-------+-------++-------
Melee: Long sword        |   107 |    62 ||   169
       Tailslap          |    14 |     9 ||    23
  Use: Scroll            |     3 |       ||     3
       Potion            |     1 |       ||     1
 Stab: Sleeping          |     2 |       ||     2
  Eat: Chunk             |     2 |       ||     2
       Ration            |       |     1 ||     1
Armor: Skin              |    32 |    16 ||    48
Dodge: Dodged            |   100 |    37 ||   137
       Deflected         |     1 |       ||     1
       Rpst.: Long sword |    31 |    13 ||    44

Table legend:
 A = Spawn XP
 B = Non-spawn XP
 C = Spawn XP percentage of total XP
 D = Spawn monster count
 E = Non-spawn monster count
 F = Spawn count percentage of total count
 G = Total turns spent on level
                    A         B        C        D         E        F      G
               +---------+---------+-------+---------+---------+-------+---------
         Total |       0 |     171 |   0.0 |       0 |      62 |   0.0 |  2369
               +---------+---------+-------+---------+---------+-------+---------
           D:1 |       0 |      29 |   0.0 |       0 |      18 |   0.0 |  1017
           D:2 |       0 |     126 |   0.0 |       0 |      38 |   0.0 |  1171
           D:3 |       0 |      16 |   0.0 |       0 |       6 |   0.0 |   181
               +---------+---------+-------+---------+---------+-------+---------
